Map: Beckett Industries LE

Players

Kelazhur - Winner!

  • Race: Terran Terran

Ryu

  • Race: Zerg Zerg

Event: DreamHack SC2 Masters 2021 Winter

VOD

Have the link to the VOD?

Description

Time

  • Played on: Oct. 1, 2021, 4:37 p.m.
  • Length: 6:25

All games in this series

Show
View Real Time Build Order
Export as new Build Order

Kelazhur Terran - Winner!

Build Orders:  

Get SALT Encoding   

  12  0:00  SCV  
  13  0:12  SCV  
  14  0:17  Supply Depot  
  14  0:24  SCV  
  15  0:38  SCV  
  15  0:40  Barracks  
  16  0:43  Refinery  
  16  0:50  SCV  
  17  1:03  SCV  
  18  1:15  SCV  
  19  1:27  Barracks Reactor, Orbital Command  
  19  1:38  Command Center  
  19  1:48  Barracks  
  19  1:52  SCV  
  20  2:01  Supply Depot  
  20  2:04  Marine x2  
  20  2:07  SCV  
  23  2:16  Barracks  
  24  2:22  SCV  
  24  2:23  Marine x2  
  26  2:35  SCV  
  26  2:36  Barracks Tech Lab  
  27  2:43  Marine x2  
  29  2:47  SCV  
  29  2:51  Orbital Command  
  30  2:54  Marine  
  30  2:55  Stimpack  
  31  2:59  SCV  
  31  3:02  Marine x2  
  31  3:05  Barracks Tech Lab  
  34  3:11  SCV  
  34  3:12  Marine  
  35  3:16  SCV  
  37  3:20  Marine x2  
  37  3:22  Supply Depot  
  37  3:24  Marine  
  37  3:25  SCV  
  41  3:29  SCV  
  41  3:30  Marine  
  43  3:36  Supply Depot  
  43  3:37  SCV  
  43  3:40  Combat Shield  
  43  3:41  SCV  
  45  3:42  Marine  
  45  3:43  Marine  
  45  3:46  Supply Depot  
  47  3:49  SCV  
  47  3:52  Marine  
  47  3:53  SCV, Marine  
  51  4:00  Marine  
  51  4:01  SCV, Marine  
  54  4:06  Supply Depot, SCV  
  55  4:12  Marine x2  
  55  4:13  Supply Depot, SCV  
  58  4:18  SCV  
  58  4:19  Marine  
  58  4:22  Engineering Bay  
  58  4:23  Refinery  
  60  4:24  Marine  
  60  4:25  SCV  
  60  4:30  SCV, Marine  
  64  4:32  Marine  
  64  4:37  SCV, Marine  
  67  4:42  SCV, Marine  
  67  4:43  Refinery  
  69  4:48  Marine  
  69  4:49  SCV  
  69  4:52  Marine  
  68  4:54  SCV  
  68  4:55  Marine  
  68  5:00  Marine  
  68  5:02  SCV  
  68  5:06  SCV, Marine  
  68  5:10  Marine  
  68  5:13  Factory, Marine  
  68  5:14  SCV  
  68  5:18  SCV, Marine  
  66  5:23  Marine  
  66  5:26  SCV  
  66  5:27  Marine  
  66  5:30  SCV  
  66  5:31  Command Center, Marine  
  68  5:35  Refinery  
  68  5:36  Marine  
  68  5:38  SCV  
  68  5:41  Bunker, Marine  
  71  5:45  Marine  
  71  5:48  SCV  
  71  5:49  Marine  
  74  5:53  Engineering Bay  
  74  5:54  Marine  
  74  5:55  SCV  
  76  5:58  Starport, Factory Reactor  
  76  5:59  Marine  
  76  6:03  SCV, Marine  
  79  6:04  Armory  
  79  6:06  Marine  
  79  6:07  SCV  
Show
View Real Time Build Order
Export as new Build Order

Ryu Zerg 

Build Orders: Hatch First 

Get SALT Encoding   

  12  0:01  Drone  
  13  0:13  Overlord  
  13  0:17  Drone  
  14  0:31  Drone x2  
  16  0:48  Hatchery  
  15  0:51  Drone  
  15  0:54  Drone  
  17  0:58  Drone  
  17  1:01  Extractor  
  17  1:14  Spawning Pool  
  17  1:17  Drone  
  17  1:20  Drone  
  18  1:28  Drone  
  19  1:39  Drone  
  20  1:50  Overlord  
  20  2:00  Queen x2  
  24  2:01  Zergling x2  
  24  2:02  Zergling x2  
  24  2:07  Metabolic Boost  
  26  2:11  Drone  
  26  2:14  Drone  
  28  2:24  Drone x2  
  30  2:37  Hatchery  
  29  2:44  Queen  
  29  2:46  Drone  
  29  2:50  Overlord  
  32  2:55  Drone  
  32  2:58  Drone  
  34  3:01  Drone  
  34  3:02  Drone  
  36  3:09  Overlord  
  36  3:10  Drone  
  37  3:15  Drone x2  
  37  3:16  Drone  
  37  3:18  Drone  
  41  3:25  Roach Warren  
  40  3:28  Drone  
  40  3:30  Overlord  
  40  3:32  Drone  
  41  3:37  Queen  
  43  3:45  Zergling x4  
  43  3:47  Queen  
  47  3:48  Drone  
  47  3:53  Drone  
  49  3:57  Overlord  
  49  4:03  Overlord  
  49  4:05  Drone x2  
  49  4:06  Drone x2  
  49  4:07  Roach  
  55  4:11  Roach  
  57  4:17  Roach x3  
  63  4:24  Extractor  
  63  4:25  Drone x2  
  63  4:26  Evolution Chamber, Roach  
  63  4:30  Overlord  
  65  4:35  Roach x2  
  69  4:38  Roach  
  69  4:39  Roach  
  73  4:46  Overlord x2  
  73  4:51  Roach x2  
  73  4:52  Roach  
  72  4:57  Roach  
  61  5:03  Zergling x14  
  60  5:11  Roach  
  56  5:15  Queen  
  56  5:21  Drone x5  
  57  5:23  Drone  
  57  5:28  Drone x2  
  60  5:35  Extractor  
  60  5:42  Queen  
  60  5:45  Ravager x2  
  60  5:46  Zergling x10  
  67  5:51  Zergling x4  
  69  5:58  Ravager  
  69  6:00  Zergling x6  
  69  6:01  Zergling x2  
  74  6:07  Zergling x6  

Tags
 
Add a new tag
Caveats
  • Supply blocks, unpowered buildings, or Contaminate may cause inaccurate times.
  • Supply counts are checked every 10 seconds.